Staline vs Rafales
Created - 10 avril 2016 at 19:09
Goals
|
| Staline |
1 |
3 |
2 |
6 |
| Rafales |
1 |
0 |
0 |
1 |
|
Shots
|
| Staline |
11 |
10 |
13 |
34 |
| Rafales |
11 |
11 |
8 |
30 |
|
1st period
1. Staline , Cody Eakin 15 (Mark Mitera) at 10:28
2. Rafales , Cody McLeod 54 (Willie Mitchell) at 11:47
Penalties :
No Penalty
2nd period
3. Staline , James Sheppard 14 (David Desharnais, Philip Larsen) at 6:44
4. Staline , David Desharnais 23 (Greg Pateryn, Jordan Caron) at 10:08
5. Staline , Jiri Tlusty 26 (Yan Stastny) at 19:35
Penalties :
Cody McLeod (Stf) for High sticking (Minor) at 0:10
3rd period
6. Staline , Nick Spaling 26 (Andrei Loktionov, Brian Gionta) at 6:05 (PP)
7. Staline , Brian Gionta 31 (Andrei Loktionov, Greg Pateryn) at 8:25 (SH)
Penalties :
Ryan Ellis (Stf) for Interference (Minor) at 4:27, Mark Fraser (StJ) for Elbowing (Minor) at 8:12, Jonas Junland (Stf) for High sticking (Minor) at 10:33, Michael Bournival (Stf) for Hooking (Minor) at 12:56, Jeff Skinner (Stf) for Hooking (Minor) at 18:15
Goalie Stats
Tobias Stephan (StJ), 29 saves from 30 shots - (0,967), W, 31-17-2, 60:00 minutes
Loïc Lacasse (Stf), 5 saves from 5 shots - (1,000), 11:35 minutes
Eddie Lack (Stf), 23 saves from 29 shots - (0,793), L, 11-9-3, 48:25 minutes
Players Stats for Staline
Player Name G A P +/- PIM S H SB GA TA FO MP PP MP PK MP
------------------------------------------------------------------------------------
Andrei Loktionov 0 2 2 0 0 4 2 0 3 4 24/35 22:06 5:45 1:12
Brian Gionta 1 1 2 0 0 3 0 0 1 0 1/2 22:05 5:45 1:08
Bryan Bickell 0 0 0 1 0 0 2 0 0 0 1/2 16:21 3:34 0:19
Cody Eakin 1 0 1 1 0 4 2 0 2 0 1/2 10:54 0:00 0:04
David Desharnais 1 1 2 2 0 2 4 0 0 0 1/1 10:29 0:00 0:00
David Kolomatis 0 0 0 1 0 2 1 0 0 1 0/0 12:11 0:00 0:00
Greg Pateryn 0 2 2 2 0 1 0 2 0 0 0/0 14:04 0:00 1:06
James Sheppard 1 0 1 2 0 1 2 0 1 0 0/0 10:21 0:00 0:00
Jiri Sekac 0 0 0 1 0 0 0 0 0 0 0/0 10:41 0:00 0:00
Jiri Tlusty 1 0 1 1 0 3 1 0 1 0 0/0 16:26 3:34 0:24
Jordan Caron 0 1 1 2 0 0 1 1 0 0 0/0 10:48 0:00 0:27
Mark Fraser 0 0 0 1 2 2 2 0 0 2 0/0 25:36 5:59 0:00
Mark Mitera 0 1 1 1 0 1 2 0 1 1 0/0 20:22 3:20 0:53
Mark Stone 0 0 0 1 0 0 4 0 0 1 0/0 10:41 0:00 0:00
Nick Spaling 1 0 1 -1 0 3 0 1 1 0 0/0 20:54 5:45 0:00
Philip Larsen 0 1 1 1 0 3 3 0 3 2 0/0 20:22 3:20 0:53
Stu Bickel 0 0 0 2 0 2 1 1 0 0 0/0 27:13 5:59 1:06
Yan Stastny 0 1 1 1 0 3 2 0 0 0 6/10 16:26 3:34 0:24
Players Stats for Rafales
Player Name G A P +/- PIM S H SB GA TA FO MP PP MP PK MP
------------------------------------------------------------------------------------
Bruno Gervais 0 0 0 -1 0 3 0 0 1 0 0/0 16:02 0:32 1:00
Cody McLeod 1 0 1 -3 2 3 0 0 0 0 1/4 20:55 1:13 2:33
Dan Fritsche 0 0 0 -1 0 1 0 0 2 0 5/12 17:19 0:46 5:43
Dmitry Kulikov 0 0 0 -4 0 2 4 1 0 4 0/0 25:45 1:27 3:34
Jeff Skinner 0 0 0 -1 2 2 3 0 0 0 1/2 16:53 1:01 2:23
Johan Ryno 0 0 0 0 0 1 0 0 2 1 0/0 10:59 0:12 0:00
Jonas Junland 0 0 0 1 2 0 1 0 0 2 0/0 13:41 0:00 0:00
Jonathan Rheault 0 0 0 0 0 0 1 0 0 0 0/0 9:08 0:00 0:00
Kevin Veilleux 0 0 0 -1 0 0 3 0 0 0 6/20 14:16 0:00 0:00
Matt Gilroy 0 0 0 -1 0 2 2 1 0 3 0/0 20:37 0:32 5:45
Michael Bournival 0 0 0 -3 2 0 1 0 0 0 1/2 16:05 1:01 0:49
Mike Sislo 0 0 0 0 0 2 1 0 0 1 0/0 11:31 0:46 0:00
Milan Bartovic 0 0 0 -1 0 4 2 0 2 1 0/1 20:10 0:00 5:43
Nathan Davis 0 0 0 0 0 3 0 1 0 0 2/5 7:02 0:00 0:47
Ryan Ellis 0 0 0 -4 2 3 1 2 2 1 0/0 24:44 1:27 2:34
Stefan Chaput 0 0 0 0 0 1 1 2 0 0 1/5 11:59 0:12 0:40
Tim Crowder 0 0 0 -2 0 2 1 1 2 0 1/1 14:17 0:46 0:00
Willie Mitchell 0 1 1 1 0 1 1 0 0 0 0/0 19:13 0:00 5:45
3 Stars
1 - David Desharnais (StJ)
2 - Tobias Stephan (StJ)
3 - James Sheppard (StJ)
Power Play
Staline - 1 on 5 Attempt(s) - 20,00%
Rafales - 0 on 1 Attempt(s) - 0,00%
Penalty Kill
Staline - 1 on 1 Attempt(s) - 100,00%
- Score 1 goal in Penalty Kill
Rafales - 4 on 5 Attempt(s) - 80,00%
- Score 0 goal in Penalty Kill
Team Stat
Staline - Hits : 29 - Faceoff Wins : 34 - Blocked Shots : 5 - Penalty Minutes : 2
Rafales - Hits : 22 - Faceoff Wins : 18 - Blocked Shots : 8 - Penalty Minutes : 10
Official
Referees : Dwyer Gord and Marouelli Dan
Linesman : Pierre Racicot and Dan Schachte
Game Notes
Nathan Davis is injured at 4:16 of 2nd period (Upper Body)
Loïc Lacasse enters game at 8:25 of 3rd period
Finance
Level 1 -- Attendance: 1441 (72,05%) -- Ticket Income 50 435 $
Level 2 -- Attendance: 701 (70,10%) -- Ticket Income 10 515 $
Total Attendance: 2142 (71,40%)
Total Ticket Income: 60 950 $
Other Income: 3 048 $
Total Income: 63 998 $
Staline
5 vs 5 Forward
Center Left Wing Right Wing Time % Phy DF OF
1 Andrei Loktionov Nick Spaling Brian Gionta 40 1 2 2
2 Yan Stastny Bryan Bickell Jiri Tlusty 30 1 2 2
3 David Desharnais James Sheppard Jordan Caron 20 1 2 2
4 Cody Eakin Jiri Sekac Mark Stone 10 1 2 2
5 vs 5 Defense
Defense Defense Time % Phy DF OF
1 Stu Bickel Mark Fraser 40 1 2 2
2 Philip Larsen Mark Mitera 30 1 2 2
3 David Kolomatis Greg Pateryn 20 1 2 2
4 Stu Bickel Mark Fraser 10 1 2 2
PowerPlay Forward
Center Left Wing Right Wing Time % Phy DF OF
1 Andrei Loktionov Nick Spaling Brian Gionta 60 1 2 2
2 Yan Stastny Bryan Bickell Jiri Tlusty 40 1 2 2
PowerPlay Defense
Defense Defense Time % Phy DF OF
1 Stu Bickel Mark Fraser 60 1 2 2
2 Philip Larsen Mark Mitera 40 1 2 2
Penalty Kill 4 Players Forward
Center Wing Time % Phy DF OF
1 Andrei Loktionov Brian Gionta 60 1 2 2
2 Yan Stastny Jiri Tlusty 40 1 2 2
Penalty Kill 4 Players Defense
Defense Defense Time % Phy DF OF
1 Stu Bickel Mark Fraser 60 1 2 2
2 Philip Larsen Mark Mitera 40 1 2 2
Penalty Kill - 3 Players Forward
Forward Time % Phy DF OF
1 Andrei Loktionov 60 1 2 2
2 Brian Gionta 40 1 2 2
Penalty Kill - 3 Players Defense
Defense Defense Time % Phy DF OF
1 Stu Bickel Mark Fraser 60 1 2 2
2 Philip Larsen Mark Mitera 40 1 2 2
4 vs 4 Forward
Center Wing Time % Phy DF OF
1 Andrei Loktionov Brian Gionta 60 1 2 2
2 Yan Stastny Jiri Tlusty 40 1 2 2
4 vs 4 Defense
Defense Defense Time % Phy DF OF
1 Stu Bickel Mark Fraser 60 1 2 2
2 Philip Larsen Mark Mitera 40 1 2 2
Last Minutes Offensive
Center Left Wing Right Wing Defense Defense
Andrei Loktionov Nick Spaling Brian Gionta Stu Bickel Mark Fraser
Last Minutes Defensive
Center Left Wing Right Wing Defense Defense
Andrei Loktionov Nick Spaling Brian Gionta Stu Bickel Mark Fraser
Goaltenders
Starting : Tobias Stephan
Backup : Allen York
Extra Forwards
Normal : David Desharnais, James Sheppard, Jordan Caron - PP : David Desharnais, James Sheppard - PK : Jordan Caron
Extra Defensemen
Normal : David Kolomatis, Greg Pateryn, Philip Larsen - PP : David Kolomatis - PK : Greg Pateryn, Philip Larsen
Penalty Shots
Andrei Loktionov, Brian Gionta, Yan Stastny, Jiri Tlusty, David Desharnais
Rafales
5 vs 5 Forward
Center Left Wing Right Wing Time % Phy DF OF
1 Kevin Veilleux Cody McLeod Milan Bartovic 40 1 2 2
2 Nathan Davis Michael Bournival Tim Crowder 30 1 2 2
3 Dan Fritsche Jeff Skinner Jonathan Rheault 20 1 2 2
4 Stefan Chaput Mike Sislo Johan Ryno 10 1 2 2
5 vs 5 Defense
Defense Defense Time % Phy DF OF
1 Ryan Ellis Dmitry Kulikov 40 1 3 1
2 Bruno Gervais Matt Gilroy 30 1 3 1
3 Willie Mitchell Jonas Junland 20 1 3 1
4 Dmitry Kulikov Ryan Ellis 10 1 3 1
PowerPlay Forward
Center Left Wing Right Wing Time % Phy DF OF
1 Jeff Skinner Cody McLeod Michael Bournival 60 1 2 2
2 Nathan Davis Mike Sislo Tim Crowder 40 1 2 2
PowerPlay Defense
Defense Defense Time % Phy DF OF
1 Ryan Ellis Dmitry Kulikov 60 1 2 2
2 Bruno Gervais Matt Gilroy 40 1 2 2
Penalty Kill 4 Players Forward
Center Wing Time % Phy DF OF
1 Dan Fritsche Milan Bartovic 60 1 2 2
2 Cody McLeod Nathan Davis 40 1 2 2
Penalty Kill 4 Players Defense
Defense Defense Time % Phy DF OF
1 Willie Mitchell Matt Gilroy 60 1 2 2
2 Dmitry Kulikov Ryan Ellis 40 1 2 2
Penalty Kill - 3 Players Forward
Forward Time % Phy DF OF
1 Dan Fritsche 60 1 2 2
2 Milan Bartovic 40 1 2 2
Penalty Kill - 3 Players Defense
Defense Defense Time % Phy DF OF
1 Willie Mitchell Ryan Ellis 60 1 2 2
2 Dmitry Kulikov Matt Gilroy 40 1 2 2
4 vs 4 Forward
Center Wing Time % Phy DF OF
1 Jeff Skinner Milan Bartovic 60 1 2 2
2 Cody McLeod Nathan Davis 40 1 2 2
4 vs 4 Defense
Defense Defense Time % Phy DF OF
1 Ryan Ellis Dmitry Kulikov 60 1 2 2
2 Bruno Gervais Matt Gilroy 40 1 2 2
Last Minutes Offensive
Center Left Wing Right Wing Defense Defense
Jeff Skinner Cody McLeod Michael Bournival Ryan Ellis Dmitry Kulikov
Last Minutes Defensive
Center Left Wing Right Wing Defense Defense
Dan Fritsche Cody McLeod Milan Bartovic Willie Mitchell Bruno Gervais
Goaltenders
Starting : Eddie Lack
Backup : Loïc Lacasse
Extra Forwards
Normal : Cody McLeod, Jeff Skinner, Michael Bournival - PP : Cody McLeod, Jeff Skinner - PK : Milan Bartovic
Extra Defensemen
Normal : Ryan Ellis, Dmitry Kulikov, Willie Mitchell - PP : Ryan Ellis - PK : Dmitry Kulikov, Willie Mitchell
Penalty Shots
Jeff Skinner, Milan Bartovic, Cody McLeod, Nathan Davis, Mike Sislo
% Time on Ice - Staline
Lines # - Real PCT - Wanted PCT - Time Play
Normal Forward
1 - 31% - 40% - 15:12
2 - 26% - 30% - 12:28
3 - 21% - 20% - 10:21
4 - 22% - 10% - 10:41
Normal Defense
1 - 37% - 40% - 17:55
2 - 33% - 30% - 16:09
3 - 24% - 20% - 11:37
4 - 6% - 10% - 3:01
PP Forward
1 - 62% - 60% - 5:45
2 - 38% - 40% - 3:34
PP Defense
1 - 64% - 60% - 5:59
2 - 36% - 40% - 3:20
PK Forward
1 - 80% - 60% - 1:35
2 - 20% - 40% - 0:24
PK Defense
1 - 55% - 60% - 1:06
2 - 45% - 40% - 0:53
PK3 Forward
1 - 0% - 60%
2 - 0% - 40%
PK3 Defense
1 - 0% - 60%
2 - 0% - 40%
44 Forward
1 - 0% - 60%
2 - 0% - 40%
44 Defense
1 - 0% - 60%
2 - 0% - 40%
Last Minute Offensive - 0:00
Last Minute Defensive - 0:00
Total
Forward - 60:00
Defense - 60:00
|
% Time on Ice - Rafales
Lines # - Real PCT - Wanted PCT - Time Play
Normal Forward
1 - 30% - 40% - 14:31
2 - 29% - 30% - 14:18
3 - 19% - 20% - 9:08
4 - 22% - 10% - 10:45
Normal Defense
1 - 35% - 40% - 17:13
2 - 32% - 30% - 15:27
3 - 27% - 20% - 12:59
4 - 6% - 10% - 3:03
PP Forward
1 - 51% - 60% - 1:01
2 - 49% - 40% - 0:58
PP Defense
1 - 73% - 60% - 1:27
2 - 27% - 40% - 0:32
PK Forward
1 - 71% - 60% - 6:38
2 - 29% - 40% - 2:41
PK Defense
1 - 62% - 60% - 5:45
2 - 38% - 40% - 3:34
PK3 Forward
1 - 0% - 60%
2 - 0% - 40%
PK3 Defense
1 - 0% - 60%
2 - 0% - 40%
44 Forward
1 - 0% - 60%
2 - 0% - 40%
44 Defense
1 - 0% - 60%
2 - 0% - 40%
Last Minute Offensive - 0:00
Last Minute Defensive - 0:00
Total
Forward - 60:00
Defense - 60:00
|
Play by Play
1st period
0:01 of 1st period - Andrei Loktionov wins face-off versus Kevin Veilleux in neutral zone.
0:12 of 1st period - Snap shot by Nick Spaling.
0:12 of 1st period - Shot Misses the Net.
0:14 of 1st period - Snap shot by Brian Gionta.
0:14 of 1st period - Shot Hit the Post.
1:08 of 1st period - Icing by Bryan Bickell.
1:09 of 1st period - Stefan Chaput wins face-off versus Yan Stastny in Staline zone.
2:02 of 1st period - Wrist shot by Cody Eakin.
2:02 of 1st period - Shot Misses the Net.
2:40 of 1st period - David Kolomatis is hit by Willie Mitchell and loses puck.
2:57 of 1st period - Bruno Gervais is hit by Bryan Bickell and loses puck.
3:23 of 1st period - Tim Crowder is hit by Mark Stone and loses puck.
3:46 of 1st period - Ryan Ellis is hit by Andrei Loktionov and loses puck.
4:04 of 1st period - Milan Bartovic is hit by Jordan Caron and loses puck.
4:22 of 1st period - Yan Stastny is hit by Dmitry Kulikov and loses puck.
4:46 of 1st period - Greg Pateryn is hit by Ryan Ellis and loses puck.
5:10 of 1st period - Brian Gionta is hit by Dmitry Kulikov and loses puck.
5:21 of 1st period - Jonas Junland is hit by James Sheppard and loses puck.
5:28 of 1st period - Wrist shot by Jordan Caron.
5:28 of 1st period - Shot Misses the Net.
5:44 of 1st period - Jonas Junland is hit by Jiri Tlusty and loses puck.
6:07 of 1st period - Snap shot by Johan Ryno.
6:07 of 1st period - Stopped by Tobias Stephan with a rebound.
6:31 of 1st period - Wrist shot by Jeff Skinner.
6:31 of 1st period - Stopped by Tobias Stephan with a rebound.
6:53 of 1st period - Wrist shot by Milan Bartovic.
6:53 of 1st period - Shot Misses the Net.
6:59 of 1st period - Milan Bartovic is hit by David Desharnais and loses puck.
7:15 of 1st period - Snap shot by Nathan Davis.
7:15 of 1st period - Stopped by Tobias Stephan with a rebound.
7:17 of 1st period - Slapshot by Bruno Gervais.
7:17 of 1st period - Shot Misses the Net.
7:19 of 1st period - Slapshot by Matt Gilroy.
7:19 of 1st period - Stopped by Tobias Stephan with a rebound.
8:10 of 1st period - James Sheppard is hit by Tim Crowder and loses puck.
8:25 of 1st period - Greg Pateryn is hit by Michael Bournival and loses puck.
8:44 of 1st period - Wrist shot by Milan Bartovic.
8:44 of 1st period - Stopped by Tobias Stephan with a rebound.
8:46 of 1st period - Slapshot by Dmitry Kulikov.
8:46 of 1st period - Shot Blocked by Greg Pateryn.
8:58 of 1st period - Slapshot by Stu Bickel.
8:58 of 1st period - Stopped by Eddie Lack with a rebound.
9:00 of 1st period - Wrist shot by Greg Pateryn.
9:00 of 1st period - Stopped by Eddie Lack with a rebound.
9:02 of 1st period - Slapshot by Brian Gionta.
9:02 of 1st period - Stopped by Eddie Lack without a rebound.
9:03 of 1st period - Kevin Veilleux wins face-off versus Andrei Loktionov in Rafales zone.
9:08 of 1st period - Wrist shot by Milan Bartovic.
9:08 of 1st period - Deflect By Cody McLeod.
9:08 of 1st period - Stopped by Tobias Stephan with a rebound.
9:29 of 1st period - Icing by Nathan Davis.
9:30 of 1st period - Yan Stastny wins face-off versus Nathan Davis in Rafales zone.
9:55 of 1st period - Slapshot by Tim Crowder.
9:55 of 1st period - Stopped by Tobias Stephan without a rebound.
9:56 of 1st period - Andrei Loktionov wins face-off versus Kevin Veilleux in Staline zone.
10:21 of 1st period - Ryan Ellis is hit by Philip Larsen and loses puck.
10:28 of 1st period - Snap shot by Cody Eakin.
10:28 of 1st period - Goal by Cody Eakin - Staline : 1 - Rafales : 0.
10:29 of 1st period - Nathan Davis wins face-off versus Andrei Loktionov in neutral zone.
10:40 of 1st period - Snap shot by Nathan Davis.
10:40 of 1st period - Stopped by Tobias Stephan without a rebound.
10:41 of 1st period - Andrei Loktionov wins face-off versus Kevin Veilleux in Staline zone.
11:29 of 1st period - Slapshot by Matt Gilroy.
11:29 of 1st period - Stopped by Tobias Stephan with a rebound.
11:47 of 1st period - Wrist shot by Cody McLeod.
11:47 of 1st period - Goal by Cody McLeod - Staline : 1 - Rafales : 1.
11:48 of 1st period - Kevin Veilleux wins face-off versus Andrei Loktionov in neutral zone.
11:52 of 1st period - Off-side.
11:53 of 1st period - Andrei Loktionov wins face-off versus Kevin Veilleux in neutral zone.
12:04 of 1st period - Snap shot by Brian Gionta.
12:04 of 1st period - Shot Misses the Net.
12:06 of 1st period - Snap shot by Nick Spaling.
12:06 of 1st period - Stopped by Eddie Lack without a rebound.
12:07 of 1st period - Yan Stastny wins face-off versus Kevin Veilleux in Rafales zone.
12:16 of 1st period - Wrist shot by Yan Stastny.
12:16 of 1st period - Stopped by Eddie Lack without a rebound.
12:17 of 1st period - Kevin Veilleux wins face-off versus Yan Stastny in Rafales zone.
12:26 of 1st period - David Kolomatis is hit by Kevin Veilleux and loses puck.
12:35 of 1st period - Ryan Ellis is hit by David Kolomatis.
12:41 of 1st period - Yan Stastny is hit by Kevin Veilleux and loses puck.
12:48 of 1st period - Snap shot by Jiri Tlusty.
12:48 of 1st period - Shot Misses the Net.
12:50 of 1st period - Snap shot by David Kolomatis.
12:50 of 1st period - Stopped by Eddie Lack without a rebound.
12:51 of 1st period - Nathan Davis wins face-off versus Andrei Loktionov in Rafales zone.
13:08 of 1st period - Philip Larsen is hit by Matt Gilroy and loses puck.
13:27 of 1st period - Snap shot by David Desharnais.
13:27 of 1st period - Shot Misses the Net.
13:29 of 1st period - Slapshot by Mark Mitera.
13:29 of 1st period - Stopped by Eddie Lack with a rebound.
13:52 of 1st period - Snap shot by Cody Eakin.
13:52 of 1st period - Shot Misses the Net.
13:54 of 1st period - Snap shot by Mark Mitera.
13:54 of 1st period - Shot Blocked by Ryan Ellis.
14:46 of 1st period - Mark Fraser is hit by Jonas Junland and loses puck.
15:05 of 1st period - Slapshot by Andrei Loktionov.
15:05 of 1st period - Shot Misses the Net.
15:07 of 1st period - Wrist shot by Andrei Loktionov.
15:07 of 1st period - Shot Misses the Net.
15:09 of 1st period - Wrist shot by Nick Spaling.
15:09 of 1st period - Shot Misses the Net.
15:11 of 1st period - Slapshot by Stu Bickel.
15:11 of 1st period - Stopped by Eddie Lack with a rebound.
15:13 of 1st period - Snap shot by Andrei Loktionov.
15:13 of 1st period - Stopped by Eddie Lack with a rebound.
15:53 of 1st period - Wrist shot by Dan Fritsche.
15:53 of 1st period - Shot Blocked by Nick Spaling.
15:58 of 1st period - Off-side.
15:59 of 1st period - Yan Stastny wins face-off versus Kevin Veilleux in neutral zone.
16:02 of 1st period - Snap shot by Jiri Tlusty.
16:02 of 1st period - Stopped by Eddie Lack with a rebound.
18:50 of 1st period - Stu Bickel is hit by Jonathan Rheault and loses puck.
19:31 of 1st period - Icing by Cody McLeod.
19:32 of 1st period - Cody Eakin wins face-off versus Nathan Davis in Rafales zone.
19:41 of 1st period - Wrist shot by Nathan Davis.
19:41 of 1st period - Stopped by Tobias Stephan without a rebound.
19:42 of 1st period - Andrei Loktionov wins face-off versus Nathan Davis in Staline zone.
Goals for this period are 1 for Staline vs 1 for Rafales.
Shots for this period are 11 for Staline vs 11 for Rafales.
2nd period
0:01 of 2nd period - Andrei Loktionov wins face-off versus Kevin Veilleux in neutral zone.
0:08 of 2nd period - Slapshot by Nick Spaling.
0:08 of 2nd period - Shot Blocked by Ryan Ellis.
0:10 of 2nd period - Minor Penalty to Cody McLeod for High sticking.
0:11 of 2nd period - Andrei Loktionov wins face-off versus Dan Fritsche in Rafales zone.
0:25 of 2nd period - Mark Fraser is hit by Milan Bartovic.
2:10 of 2nd period - Penalty to Cody McLeod is over, Cody McLeod is back on ice.
2:15 of 2nd period - Cody McLeod is hit by Yan Stastny and loses puck.
2:26 of 2nd period - Philip Larsen is hit by Mike Sislo and loses puck.
2:49 of 2nd period - Slapshot by Cody Eakin.
2:49 of 2nd period - Stopped by Eddie Lack with a rebound.
2:51 of 2nd period - Slapshot by Philip Larsen.
2:51 of 2nd period - Shot Blocked by Nathan Davis.
2:53 of 2nd period - Slapshot by Philip Larsen.
2:53 of 2nd period - Shot Blocked by Dmitry Kulikov.
2:57 of 2nd period - Snap shot by Cody Eakin.
2:57 of 2nd period - Stopped by Eddie Lack with a rebound.
3:59 of 2nd period - Mark Fraser is hit by Dmitry Kulikov and loses puck.
4:15 of 2nd period - Nathan Davis is hit by James Sheppard and loses puck.
4:16 of 2nd period - Nathan Davis from Rafales is injured at 4:16 of 2nd period (Upper Body).
4:17 of 2nd period - Andrei Loktionov wins face-off versus Kevin Veilleux in Rafales zone.
4:49 of 2nd period - Snap shot by Bryan Bickell.
4:49 of 2nd period - Shot Blocked by Tim Crowder.
4:51 of 2nd period - Slapshot by Mark Fraser.
4:51 of 2nd period - Shot Blocked by Matt Gilroy.
5:03 of 2nd period - Slapshot by Philip Larsen.
5:03 of 2nd period - Shot Misses the Net.
5:05 of 2nd period - Slapshot by Philip Larsen.
5:05 of 2nd period - Shot Misses the Net.
5:07 of 2nd period - Snap shot by Philip Larsen.
5:07 of 2nd period - Shot Misses the Net.
5:09 of 2nd period - Snap shot by Cody Eakin.
5:09 of 2nd period - Shot Misses the Net.
5:11 of 2nd period - Slapshot by Philip Larsen.
5:11 of 2nd period - Stopped by Eddie Lack without a rebound.
5:12 of 2nd period - Kevin Veilleux wins face-off versus Andrei Loktionov in Rafales zone.
5:19 of 2nd period - Backhand shot by Andrei Loktionov.
5:19 of 2nd period - Stopped by Eddie Lack with a rebound.
5:21 of 2nd period - Slapshot by Mark Mitera.
5:21 of 2nd period - Shot Misses the Net.
5:42 of 2nd period - Wrist shot by Milan Bartovic.
5:42 of 2nd period - Stopped by Tobias Stephan with a rebound.
5:44 of 2nd period - Slapshot by Bruno Gervais.
5:44 of 2nd period - Stopped by Tobias Stephan with a rebound.
5:46 of 2nd period - Snap shot by Bruno Gervais.
5:46 of 2nd period - Stopped by Tobias Stephan without a rebound.
5:47 of 2nd period - Michael Bournival wins face-off versus Andrei Loktionov in Staline zone.
6:38 of 2nd period - Slapshot by James Sheppard.
6:38 of 2nd period - Shot Misses the Net.
6:40 of 2nd period - Slapshot by Philip Larsen.
6:40 of 2nd period - Stopped by Eddie Lack with a rebound.
6:42 of 2nd period - Slapshot by James Sheppard.
6:42 of 2nd period - Deflect By David Desharnais.
6:42 of 2nd period - Stopped by Eddie Lack with a rebound.
6:44 of 2nd period - Snap shot by James Sheppard.
6:44 of 2nd period - Deflect By Ryan Ellis.
6:44 of 2nd period - Goal by James Sheppard - Staline : 2 - Rafales : 1.
6:45 of 2nd period - Andrei Loktionov wins face-off versus Kevin Veilleux in neutral zone.
6:56 of 2nd period - Slapshot by Ryan Ellis.
6:56 of 2nd period - Stopped by Tobias Stephan without a rebound.
6:57 of 2nd period - Andrei Loktionov wins face-off versus Kevin Veilleux in Staline zone.
7:12 of 2nd period - Slapshot by Cody McLeod.
7:12 of 2nd period - Deflect By Mark Fraser.
7:12 of 2nd period - Stopped by Tobias Stephan without a rebound.
7:13 of 2nd period - Yan Stastny wins face-off versus Cody McLeod in Staline zone.
7:13 of 2nd period - Yan Stastny is hit by Dmitry Kulikov.
7:37 of 2nd period - Ryan Ellis is hit by Mark Fraser and loses puck.
8:43 of 2nd period - Slapshot by Ryan Ellis.
8:43 of 2nd period - Stopped by Tobias Stephan with a rebound.
8:45 of 2nd period - Slapshot by Ryan Ellis.
8:45 of 2nd period - Stopped by Tobias Stephan with a rebound.
8:47 of 2nd period - Slapshot by Dmitry Kulikov.
8:47 of 2nd period - Deflect By Mark Stone.
8:47 of 2nd period - Stopped by Tobias Stephan without a rebound.
8:48 of 2nd period - Andrei Loktionov wins face-off versus Kevin Veilleux in Staline zone.
9:13 of 2nd period - Andrei Loktionov is hit by Matt Gilroy and loses puck.
9:20 of 2nd period - Wrist shot by Tim Crowder.
9:20 of 2nd period - Shot Misses the Net.
9:22 of 2nd period - Slapshot by Willie Mitchell.
9:22 of 2nd period - Stopped by Tobias Stephan without a rebound.
9:23 of 2nd period - Yan Stastny wins face-off versus Kevin Veilleux in Staline zone.
9:36 of 2nd period - Wrist shot by Jiri Tlusty.
9:36 of 2nd period - Stopped by Eddie Lack without a rebound.
9:37 of 2nd period - Yan Stastny wins face-off versus Cody McLeod in Rafales zone.
9:44 of 2nd period - Wrist shot by Yan Stastny.
9:44 of 2nd period - Shot Misses the Net.
10:04 of 2nd period - Snap shot by Jordan Caron.
10:04 of 2nd period - Shot Misses the Net.
10:08 of 2nd period - Slapshot by David Desharnais.
10:08 of 2nd period - Goal by David Desharnais - Staline : 3 - Rafales : 1.
10:09 of 2nd period - Kevin Veilleux wins face-off versus Andrei Loktionov in neutral zone.
10:39 of 2nd period - Slapshot by Dmitry Kulikov.
10:39 of 2nd period - Stopped by Tobias Stephan with a rebound.
10:41 of 2nd period - Snap shot by Tim Crowder.
10:41 of 2nd period - Shot Misses the Net.
11:57 of 2nd period - Bruno Gervais is hit by Philip Larsen and loses puck.
12:14 of 2nd period - Slapshot by Cody Eakin.
12:14 of 2nd period - Shot Misses the Net.
12:44 of 2nd period - Tim Crowder is hit by Yan Stastny and loses puck.
13:09 of 2nd period - Jonas Junland is hit by Cody Eakin.
13:13 of 2nd period - Jonas Junland is hit by Mark Stone and loses puck.
13:30 of 2nd period - Stefan Chaput is hit by Mark Mitera and loses puck.
15:30 of 2nd period - Stefan Chaput is hit by Mark Stone and loses puck.
15:37 of 2nd period - Johan Ryno is hit by Cody Eakin and loses puck.
16:15 of 2nd period - Cody Eakin is hit by Stefan Chaput and loses puck.
16:24 of 2nd period - Willie Mitchell is hit by Mark Mitera.
16:39 of 2nd period - Slapshot by Mark Mitera.
16:39 of 2nd period - Shot Misses the Net.
17:39 of 2nd period - Snap shot by Mike Sislo.
17:39 of 2nd period - Stopped by Tobias Stephan without a rebound.
17:40 of 2nd period - Andrei Loktionov wins face-off versus Kevin Veilleux in Staline zone.
17:49 of 2nd period - Snap shot by Cody McLeod.
17:49 of 2nd period - Shot Misses the Net.
17:59 of 2nd period - Stu Bickel is hit by Kevin Veilleux and loses puck.
18:42 of 2nd period - Off-side.
18:43 of 2nd period - Andrei Loktionov wins face-off versus Michael Bournival in neutral zone.
19:08 of 2nd period - Matt Gilroy is hit by Bryan Bickell and loses puck.
19:15 of 2nd period - Yan Stastny is hit by Jeff Skinner and loses puck.
19:26 of 2nd period - David Kolomatis is hit by Milan Bartovic.
19:35 of 2nd period - Slapshot by Jiri Tlusty.
19:35 of 2nd period - Goal by Jiri Tlusty - Staline : 4 - Rafales : 1.
19:36 of 2nd period - Andrei Loktionov wins face-off versus Kevin Veilleux in neutral zone.
19:39 of 2nd period - Snap shot by Brian Gionta.
19:39 of 2nd period - Shot Misses the Net.
19:47 of 2nd period - Cody McLeod is hit by Stu Bickel and loses puck.
Goals for this period are 3 for Staline vs 0 for Rafales.
Shots for this period are 10 for Staline vs 11 for Rafales.
3rd period
0:01 of 3rd period - Kevin Veilleux wins face-off versus Andrei Loktionov in neutral zone.
0:06 of 3rd period - Wrist shot by Cody McLeod.
0:06 of 3rd period - Shot Blocked by Stu Bickel.
0:08 of 3rd period - Wrist shot by Milan Bartovic.
0:08 of 3rd period - Stopped by Tobias Stephan with a rebound.
0:31 of 3rd period - Snap shot by Yan Stastny.
0:31 of 3rd period - Stopped by Eddie Lack without a rebound.
0:32 of 3rd period - Cody McLeod wins face-off versus Yan Stastny in Rafales zone.
0:59 of 3rd period - Bruno Gervais is hit by Philip Larsen and loses puck.
1:18 of 3rd period - Slapshot by Philip Larsen.
1:18 of 3rd period - Stopped by Eddie Lack without a rebound.
1:19 of 3rd period - David Desharnais wins face-off versus Stefan Chaput in Rafales zone.
1:20 of 3rd period - Snap shot by James Sheppard.
1:20 of 3rd period - Shot Misses the Net.
1:26 of 3rd period - Slapshot by Ryan Ellis.
1:26 of 3rd period - Deflect By Stefan Chaput.
1:26 of 3rd period - Stopped by Tobias Stephan with a rebound.
1:28 of 3rd period - Slapshot by Dmitry Kulikov.
1:28 of 3rd period - Shot Blocked by Jordan Caron.
1:30 of 3rd period - Snap shot by Johan Ryno.
1:30 of 3rd period - Shot Misses the Net.
1:32 of 3rd period - Slapshot by Mike Sislo.
1:32 of 3rd period - Stopped by Tobias Stephan with a rebound.
1:44 of 3rd period - Ryan Ellis is hit by Mark Fraser and loses puck.
2:19 of 3rd period - Slapshot by Dmitry Kulikov.
2:19 of 3rd period - Shot Blocked by Greg Pateryn.
2:33 of 3rd period - Wrist shot by Cody Eakin.
2:33 of 3rd period - Shot Misses the Net.
2:35 of 3rd period - Slapshot by David Kolomatis.
2:35 of 3rd period - Shot Blocked by Stefan Chaput.
2:37 of 3rd period - Snap shot by Jiri Sekac.
2:37 of 3rd period - Shot Blocked by Stefan Chaput.
2:39 of 3rd period - Slapshot by David Kolomatis.
2:39 of 3rd period - Stopped by Eddie Lack with a rebound.
2:41 of 3rd period - Snap shot by Mark Stone.
2:41 of 3rd period - Shot Misses the Net.
3:48 of 3rd period - Johan Ryno is hit by David Desharnais and loses puck.
4:09 of 3rd period - Matt Gilroy is hit by Mark Stone and loses puck.
4:27 of 3rd period - Minor Penalty to Ryan Ellis for Interference.
4:28 of 3rd period - Andrei Loktionov wins face-off versus Dan Fritsche in Rafales zone.
4:35 of 3rd period - Icing by Brian Gionta.
4:36 of 3rd period - Andrei Loktionov wins face-off versus Dan Fritsche in Staline zone.
4:50 of 3rd period - Snap shot by Andrei Loktionov.
4:50 of 3rd period - Shot Misses the Net.
4:52 of 3rd period - Backhand shot by Mark Fraser.
4:52 of 3rd period - Stopped by Eddie Lack with a rebound.
4:54 of 3rd period - Wrist shot by Andrei Loktionov.
4:54 of 3rd period - Shot Misses the Net.
5:34 of 3rd period - Slapshot by Mark Fraser.
5:34 of 3rd period - Stopped by Eddie Lack with a rebound.
5:36 of 3rd period - Snap shot by Nick Spaling.
5:36 of 3rd period - Stopped by Eddie Lack with a rebound.
6:01 of 3rd period - Snap shot by Nick Spaling.
6:01 of 3rd period - Shot Misses the Net.
6:03 of 3rd period - Snap shot by Andrei Loktionov.
6:03 of 3rd period - Shot Misses the Net.
6:05 of 3rd period - Snap shot by Nick Spaling.
6:05 of 3rd period - Goal by Nick Spaling - Staline : 5 - Rafales : 1.
6:06 of 3rd period - Tim Crowder wins face-off versus Yan Stastny in neutral zone.
6:15 of 3rd period - Snap shot by Tim Crowder.
6:15 of 3rd period - Stopped by Tobias Stephan with a rebound.
6:33 of 3rd period - Jonas Junland is hit by David Desharnais.
8:12 of 3rd period - Minor Penalty to Mark Fraser for Elbowing.
8:13 of 3rd period - Jeff Skinner wins face-off versus Brian Gionta in Staline zone.
8:13 of 3rd period - Slapshot by Ryan Ellis.
8:13 of 3rd period - Deflect By Cody McLeod.
8:13 of 3rd period - Shot Misses the Net.
8:13 of 3rd period - Puck is out of play.
8:14 of 3rd period - Andrei Loktionov wins face-off versus Cody McLeod in Staline zone.
8:25 of 3rd period - Wrist shot by Brian Gionta.
8:25 of 3rd period - Goal by Brian Gionta - Staline : 6 - Rafales : 1.
8:25 of 3rd period - Loïc Lacasse enters game.
8:26 of 3rd period - Andrei Loktionov wins face-off versus Jeff Skinner in neutral zone.
9:05 of 3rd period - Snap shot by Dan Fritsche.
9:05 of 3rd period - Stopped by Tobias Stephan with a rebound.
10:12 of 3rd period - Penalty to Mark Fraser is over, Mark Fraser is back on ice.
10:33 of 3rd period - Minor Penalty to Jonas Junland for High sticking.
10:34 of 3rd period - Dan Fritsche wins face-off versus Bryan Bickell in Rafales zone.
11:14 of 3rd period - Slapshot by Brian Gionta.
11:14 of 3rd period - Stopped by Loïc Lacasse without a rebound.
11:15 of 3rd period - Andrei Loktionov wins face-off versus Dan Fritsche in Rafales zone.
12:28 of 3rd period - Icing by Mark Fraser.
12:29 of 3rd period - Bryan Bickell wins face-off versus Stefan Chaput in Staline zone.
12:33 of 3rd period - Penalty to Jonas Junland is over, Jonas Junland is back on ice.
12:40 of 3rd period - Stu Bickel is hit by Jeff Skinner.
12:56 of 3rd period - Minor Penalty to Michael Bournival for Hooking.
12:57 of 3rd period - Andrei Loktionov wins face-off versus Milan Bartovic in Rafales zone.
13:10 of 3rd period - Slapshot by Andrei Loktionov.
13:10 of 3rd period - Stopped by Loïc Lacasse without a rebound.
13:11 of 3rd period - Dan Fritsche wins face-off versus Andrei Loktionov in Rafales zone.
13:11 of 3rd period - Dan Fritsche is hit by Andrei Loktionov.
13:21 of 3rd period - Wrist shot by Milan Bartovic.
13:21 of 3rd period - Stopped by Tobias Stephan with a rebound.
14:06 of 3rd period - Icing by Mark Mitera.
14:07 of 3rd period - Dan Fritsche wins face-off versus Andrei Loktionov in Staline zone.
14:20 of 3rd period - Snap shot by Yan Stastny.
14:20 of 3rd period - Stopped by Loïc Lacasse with a rebound.
14:22 of 3rd period - Slapshot by Philip Larsen.
14:22 of 3rd period - Shot Misses the Net.
14:56 of 3rd period - Penalty to Michael Bournival is over, Michael Bournival is back on ice.
15:27 of 3rd period - Ryan Ellis is hit by David Desharnais and loses puck.
15:34 of 3rd period - Slapshot by Bruno Gervais.
15:34 of 3rd period - Stopped by Tobias Stephan with a rebound.
15:36 of 3rd period - Wrist shot by Cody McLeod.
15:36 of 3rd period - Shot Misses the Net.
15:40 of 3rd period - Wrist shot by Cody McLeod.
15:40 of 3rd period - Deflect By Jeff Skinner.
15:40 of 3rd period - Stopped by Tobias Stephan without a rebound.
15:41 of 3rd period - Andrei Loktionov wins face-off versus Stefan Chaput in Staline zone.
15:52 of 3rd period - Slapshot by Brian Gionta.
15:52 of 3rd period - Deflect By Andrei Loktionov.
15:52 of 3rd period - Stopped by Loïc Lacasse without a rebound.
15:53 of 3rd period - Andrei Loktionov wins face-off versus Stefan Chaput in Rafales zone.
15:54 of 3rd period - Wrist shot by Brian Gionta.
15:54 of 3rd period - Shot Misses the Net.
17:59 of 3rd period - Snap shot by Cody Eakin.
17:59 of 3rd period - Stopped by Loïc Lacasse without a rebound.
18:00 of 3rd period - Dan Fritsche wins face-off versus Cody Eakin in Rafales zone.
18:05 of 3rd period - Slapshot by Ryan Ellis.
18:05 of 3rd period - Deflect By Jonathan Rheault.
18:05 of 3rd period - Shot Misses the Net.
18:05 of 3rd period - Puck is out of play.
18:06 of 3rd period - Andrei Loktionov wins face-off versus Dan Fritsche in Staline zone.
18:06 of 3rd period - Andrei Loktionov is hit by Jeff Skinner.
18:15 of 3rd period - Minor Penalty to Jeff Skinner for Hooking.
18:16 of 3rd period - Dan Fritsche wins face-off versus Andrei Loktionov in Rafales zone.
18:25 of 3rd period - Off-side.
18:26 of 3rd period - Brian Gionta wins face-off versus Dan Fritsche in neutral zone.
18:28 of 3rd period - Off-side.
18:29 of 3rd period - Andrei Loktionov wins face-off versus Dan Fritsche in neutral zone.
Goals for this period are 2 for Staline vs 0 for Rafales.
Shots for this period are 13 for Staline vs 8 for Rafales.
Back to the Top